 Dungeon Crawl Stone Soup version 0.23-a0-512-g50a8178 (webtiles) character file.

2 zishaf the Digger (level 1, 0/13 (14) HPs)
             Began as a Ghoul Earth Elementalist on Dec 5, 2018.
             Slain by a hobgoblin (2 damage)
             ... on level 1 of the Dungeon.
             The game lasted 00:00:40 (157 turns).

zishaf the Digger (Ghoul Earth Elementalist)         Turns: 157, Time: 00:00:41

HP:   0/13 (14)     AC:  2    Str: 11    XL:     1   Next: 40%
MP:   0/2           EV: 12    Int: 10    God:
Gold: 12            SH:  0    Dex:  9    Spells: 2/3 levels left

rFire    . . .     SeeInvis .   e - -2 mace (curse)
rCold    + . .     Gourm    .   (no shield)
rNeg     + + +     Faith    .   c - +0 robe
rPois    ∞         Spirit   .   (no helmet)
rElec    .         Reflect  .   (no cloak)
rCorr    .         Harm     .   (no gloves)
MR       .....                  (no boots)
Stlth    ++........             (no amulet)
HPRegen  0.00/turn              (no ring)
MPRegen  0.08/turn              (no ring)

@: very slightly contaminated, rotting
A: rotting body, claws 1, carnivore, cold resistance 1, negative energy
resistance 3, inhibited regeneration, torment resistance, unbreathing
a: no special abilities


You were on level 1 of the Dungeon.
You were not hungry.

You visited 1 branch of the dungeon, and saw 1 of its levels.

You collected 12 gold pieces.

Inventory:

Hand Weapons
 e - a cursed -2 mace (weapon)
Missiles
 b - 27 stones (quivered)
Armour
 c - a +0 robe (worn)
Potions
 a - a potion of cancellation {unknown}
Comestibles
 d - a ration


   Skills:
 + Level 0.1 Fighting
 - Level 1.7 Dodging
 * Level 2.3 Stealth
 + Level 0.1 Unarmed Combat
 - Level 1.7 Spellcasting
   Level 0.8 Transmutations
 * Level 3.3 Earth Magic


You had 2 spell levels left.
You knew the following spells:

 Your Spells              Type           Power        Failure   Level  Hunger
a - Sandblast             Erth           #.....       9%          1    ##.....

Your spell library contained the following spells:

 Spells                   Type           Power        Failure   Level  Hunger
 Passwall                 Tmut/Erth      #.......     21%         2    ###....
 Stone Arrow              Conj/Erth      #.....       43%         3    ####...
 Petrify                  Tmut/Erth      #.......     80%         4    #####..
 Lee's Rapid Deconstruct  Erth           #.........   92%         5    ######.


Dungeon Overview and Level Annotations

Branches:
Dungeon (1/15)

Altars:


Innate Abilities, Weirdness & Mutations

Your body is rotting away.
You thrive on raw meat.
You are immune to poison.
You have sharp fingernails.
You are carnivorous and can eat meat at any time.
Your flesh is cold resistant. (rC+)
You are immune to negative energy. (rN+++)
You do not regenerate when monsters are visible.
You are immune to unholy pain and torment.
You can survive without breathing.


Message History

Press: ? - help, Shift-Dir - straight line, f - hobgoblin
Aim: a hobgoblin (heavily wounded)
The blast of sand hits the hobgoblin.
The hobgoblin is heavily wounded.
b - 27 stones The hobgoblin hits you.
* * * LOW HITPOINT WARNING * * *
Casting: Sandblast (safe; 9% risk of failure)
Confirm with . or Enter, or press ? or * to list all spells.
Aiming: Sandblast (safe; 9% risk of failure)
Press: ? - help, Shift-Dir - straight line, f/p - hobgoblin
Aim: a hobgoblin (heavily wounded)
You miscast Sandblast.
You are very lightly contaminated with residual magic.
The floor vibrates.
The hobgoblin hits you.
* * * LOW HITPOINT WARNING * * *
You completely miss the hobgoblin.
The hobgoblin is heavily wounded.
The hobgoblin hits you.
You die...

##. ## ... ..# #.# #.#
##.# #.# ..# #.# #.#
#.# #######.#####.#
......g@......#
##########.##.########
##..### #...........#
##.....# ####.######.#
#......## #.#
#...≈≈..# #.#
#...≈...#### #.#
#....≈.....# #.#
#....≈####.# #.#


You could see a hobgoblin.

Vanquished Creatures
  A bat (D:1)
  A goblin (D:1)
2 creatures vanquished.

Notes
Turn   | Place    | Note
-------+----------+-------------------------------------------
     0 | D:1      | zishaf the Ghoul Earth Elementalist began the quest for the
                  | Orb.
     0 | D:1      | Reached XP level 1. HP: 14/14 MP: 2/2
   157 | D:1      | Slain by a hobgoblin

Vault maps used:
D:1:      dpeg_arrival_long_road, chequers_serial_rivers_micro_c, minivault_19,
          grunt_decor_fettered

Action                   || total
-------------------------++-------
Melee: Mace              ||     4
       Unarmed           ||     3
 Cast: Sandblast         ||     3
 Stab: Sleeping          ||     1
  Eat: Chunk             ||     1
Dodge: Dodged            ||     2

Table legend:
 A = Non-vault XP
 B = Vault XP
 C = Vault XP percentage of total XP
 D = Non-vault monster count
 E = Vault monster count
 F = Vault count percentage of total count
                 A         B        C        D         E       F
            +---------+---------+-------+---------+---------+-------
      Total |       4 |       0 |   0.0 |       2 |       0 |   0.0
            +---------+---------+-------+---------+---------+-------
        D:1 |       4 |       0 |   0.0 |       2 |       0 |   0.0
            +---------+---------+-------+---------+---------+-------
